 Dungeon Crawl Stone Soup version 0.31-a0-765-g67fe2935dc (webtiles) character file.

Game seed: 3390703894241507956

93 heikuro the Shield-Bearer (level 4, -19/37 HPs)
             Began as a Formicid Fighter on Sept 15, 2023.
             Was a Follower of the Shining One.
             Killed from afar by Ijyb (22 damage)
             ... with a bolt of acid
             ... on level 3 of the Dungeon.
             The game lasted 00:03:07 (925 turns).

heikuro the Shield-Bearer (Formicid Fighter)         Turns: 925, Time: 00:03:08

Health: -19/37     AC:  1    Str: 22    XL:     4   Next: 92%
Magic:  1/4        EV:  8    Int:  8    God:    the Shining One [*.....]
Gold:   57         SH: 11    Dex: 13    Spells: 3/3 levels left

rFire   . . .        a - +0 war axe
rCold   . . .        c - +0 buckler
rNeg    . . .        g - +0 chain mail
rPois   .            (helmet unavailable)
rElec   .            (no cloak)
rCorr   .            (no gloves)
SInv    +            (no boots)
Will    .....        (no amulet) Stlth
                     f - ring of flight
HPRegen 0.26/turn    (no ring)
MPRegen 0.09/turn

%: no passive effects
@: divinely shielded, corroded, flying, glowing
A: permanent stasis, dig shafts and tunnels, antennae 3, four strong arms
a: Dig, Shaft Self, Renounce Religion, Divine Shield


You were on level 3 of the Dungeon.
You worshipped the Shining One.
The Shining One was aware of your devotion.
You visited 1 branch of the dungeon, and saw 3 of its levels.

You collected 57 gold pieces.

Inventory:

Hand Weapons
 a - a +0 war axe (weapon)
Armour
 b - a +0 scale mail
 c - a +0 buckler (worn)
 g - a +0 chain mail (worn)
Jewellery
 f - a ring of flight (left hand)
Scrolls
 e - 5 scrolls of identify
 j - a scroll of immolation {unknown}
 k - a scroll of poison {unknown}
 l - a scroll of fear {unknown}
 n - a scroll of revelation {unknown}
Potions
 d - 2 potions of might
 i - a potion of curing


   Skills:
 + Level 3.9 Fighting
 * Level 3.2 Axes
 + Level 3.7 Armour
 + Level 4.6 Shields
 + Level 1.1 Invocations


You had 3 spell levels left.
You didn't know any spells.
Your spell library contained the following spells:

 Spells                   Type           Power      Damage    Failure   Level
 Ensorcelled Hibernation  Hex/Ice        0%         N/A       99%         2
 Jinxbite                 Hex            0%         N/A       99%         2
 Anguish                  Hex/Necr       0%         N/A       100%        4


Dungeon Overview and Level Annotations

Branches:
Dungeon (2/15)

Altars:
The Shining One

Annotations:
D:3 Ijyb


Innate Abilities, Weirdness & Mutations

You cannot be hasted, slowed, berserked, paralysed or teleported.
You can dig through walls and to a lower floor.
You have a pair of large antennae on your head. (SInv)
Your four strong arms can wield two-handed weapons with a shield.


Message History

Ijyb zaps a wand.
The bolt of acid hits the goblin!
The acid corrodes the goblin!
The goblin dies!
The bolt of acid hits you!
You closely miss the goblin. You slash the goblin!
You kill the goblin!
The goblin hits you but does no damage. You block the goblin's attack.
Ijyb zaps a wand.
The bolt of acid hits you. The acid corrodes you!
Unknown command.
You slash Ijyb!
Ijyb is moderately wounded.
You slash the goblin!
You kill the goblin!
Ijyb zaps a wand.
The bolt of acid misses you.
Unknown command.
You barely miss Ijyb.
Ijyb is moderately wounded.
Ijyb zaps a wand.
The bolt of acid hits you.
You hit Ijyb.
Ijyb is heavily wounded.
Ijyb barely misses you.
Ijyb zaps a wand.
The bolt of acid hits you!
* * * LOW HITPOINT WARNING * * *
The acid corrodes you!
Unknown command.
You are too injured to fight recklessly!
Your shield is strengthened by the Shining One's divine power.
You block Ijyb's attack.
You hit Ijyb.
Ijyb is heavily wounded.
Ijyb hits you with a +0 club.
* * * LOW HITPOINT WARNING * * *
You hit Ijyb but do no damage.
Ijyb is heavily wounded.
Ijyb hits you with a +0 club.
* * * LOW HITPOINT WARNING * * *
You barely miss Ijyb.
Ijyb is heavily wounded.
Ijyb zaps a wand.
The bolt of acid hits you!!
Ouch! That really hurt!
You die...

... #..!.(..#
... #8.....8#
... #.......#
... #8.....8#
#.# #.......#
#..###8.....8#
#...#))g....#
#.#8@)...8#
#.........#
##..........
##########.


You could see Ijyb.

Vanquished Creatures
  Natasha (D:2)
  2 adders (D:2)
  2 dart slugs (D:1)
  A bat (D:2)
  3 endoplasms (D:2)
  3 hobgoblins (D:2)
  6 jackals (D:2)
  11 kobolds
  2 quokkas
  3 ball pythons
  3 frilled lizards (D:2)
  6 goblins
  2 rats (D:2)
45 creatures vanquished.

Vanquished Creatures (others)
  A goblin (D:3)
1 creature vanquished.

Grand Total: 46 creatures vanquished

Notes
Turn   | Place    | Note
-------+----------+-------------------------------------------
     0 | D:1      | heikuro the Formicid Fighter began the quest for the Orb.
     0 | D:1      | Reached XP level 1. HP: 18/18 MP: 1/1
   174 | D:1      | Reached XP level 2. HP: 17/24 MP: 2/2
   470 | D:2      | Found a faded altar of an unknown god.
   480 | D:2      | Reached XP level 3. HP: 28/29 MP: 3/3
   503 | D:2      | Prayed at the altar of an unknown god.
   503 | D:2      | Became a worshipper of the Shining One
   503 | D:2      | Reached * piety under the Shining One
   625 | D:2      | Noticed Natasha
   631 | D:2      | Killed Natasha
   632 | D:2      | Reached XP level 4. HP: 37/37 MP: 4/4
   714 | D:2      | Reached skill level 1 in Invocations
   825 | D:2      | You are sucked into a shaft and drop 1 floor!
   912 | D:3      | Noticed Ijyb
   925 | D:3      | Killed from afar by Ijyb

Illustrated notes

Levels and vault maps discovered:
D:1:      minmay_arrival_four_houses, layout_rooms
D:2:      cheibrodos_fertilizer, layout_basic,
          hellmonk_ecumenical_altar_dog_temple, uniq_natasha, uniq_sigmund
D:3:      kennysheep_the_goblin_king, layout_basic

Skill      XL: |  1  2  3  4 |
---------------+-------------+-----
Axes           | 3 |  3.2
Invocations    | 1 |  1.1
Fighting       | |  3.9
Armour         | |  3.7
Shields        | |  4.6

Action                     |  1- 3 |  4- 6 || total
---------------------------+-------+-------++-------
  Melee: War axe           |    57 |    35 ||    92
 Invoke: Divine Shield     |       |     1 ||     1
Ability: Dig               |       |     1 ||     1
         Shaft Self        |       |     1 ||     1
    Use: Scroll            |       |     3 ||     3
 Armour: Scale mail        |    11 |       ||    11
         Chain mail        |    30 |    27 ||    57
  Dodge: Dodged            |    19 |    12 ||    31
  Block: Buckler           |    19 |     8 ||    27

Table legend: (Time is in decaauts)
 A = Elapsed time spent in this place.
 B = Non-inter-level travel time spent in this place.
 C = Inter-level travel time spent in this place.
 D = Time resting spent in this place.
 E = Time spent auto-exploring this place.
 F = Levels seen in this place.
 G = Mean time per level.
                   A        B        C        D        E       F      G
               +--------+--------+--------+--------+--------+-----+--------+
         Total |    960 |    939 |     21 |    137 |    387 |   3 |  320.0 |
       Dungeon |    960 |    939 |     21 |    137 |    387 |   3 |  320.0 |
               +--------+--------+--------+--------+--------+-----+--------+

Top non-repeatable levels by time:
     D:2: 444 daAuts
     D:1: 413 daAuts
     D:3: 102 daAuts
